 Dungeon Crawl Stone Soup version 0.31-a0-178-g96ec847f19 (webtiles) character file.

Game seed: 7693245872007688362

1081 qw the Cleaver (level 8, 0/50 HPs)
             Began as a Gargoyle Fighter on June 18, 2023.
             Was an Initiate of Okawaru.
             Slain by a troll (6 damage)
             ... on level 7 of the Dungeon.
             The game lasted 00:02:34 (6019 turns).

qw the Cleaver (Gargoyle Fighter)                   Turns: 6019, Time: 00:02:34

Health: 0/50       AC: 14    Str: 22    XL:     8   Next: 29%
Magic:  8/8        EV:  8    Int:  9    God:    Okawaru [......]
Gold:   115        SH:  4    Dex:  9    Spells: 7/7 levels left

rFire   + . .        Y - +0 war axe (freeze)
rCold   + . .        c - +0 buckler
rNeg    + . .        p - +0 chain mail
rPois   inf          (no helmet)
rElec   +            f - scarf {rC+ rF+}
rCorr   .            (no gloves)
SInv    .            (no boots)
Will    .....        (no amulet) Stlth
                     g - +4 ring of slaying {mikee}
HPRegen 0.28/turn    (no ring)
MPRegen 0.11/turn

%: no passive effects
@: no status effects
A: sickness immunity, AC +5, negative energy resistance 1, electricity
resistance, torment resistance 1, petrification resistance, sense surroundings 1
a: Renounce Religion


You were on level 7 of the Dungeon.
You worshipped Okawaru.
Okawaru was noncommittal.
You visited 2 branches of the dungeon, and saw 8 of its levels.

You collected 271 gold pieces.
You spent 156 gold pieces at shops.


Innate Abilities, Weirdness & Mutations

You are immune to sickness and miasma.
Your stone body is resilient. (AC +5)
You are immune to poison.
You resist negative energy. (rN+)
You are resistant to electric shocks. (rElec)
You are resistant to unholy torment.
You are immune to petrification.
You passively map a small area around you.


   Skills:
 + Level 5.4 Fighting
 - Level 8.0 Axes
 - Level 3.2 Armour
 - Level 1.0 Dodging
 - Level 3.2 Shields


You had 7 spell levels left.
You didn't know any spells.
Your spell library was empty.

Inventory:

Hand Weapons
 b - a +0 flail
 Y - a +0 war axe of freezing (weapon)
Armour
 c - a +0 buckler (worn)
 f - a scarf of resistance (worn)
 p - a +0 chain mail (worn)
Jewellery
 g - a +4 ring of slaying (left hand) {mikee}
Scrolls
 o - a scroll of identify
Potions
 a - a potion of heal wounds {unknown}
 d - 2 potions of might
 e - a potion of attraction
 h - a potion of mutation
 i - a potion of haste
 j - 2 potions of enlightenment
 k - a potion of degeneration {unknown}
 l - 7 potions of curing
 m - a potion of resistance {unknown}

Dungeon Overview and Level Annotations

Branches:
Dungeon (7/15)             Temple (1/1) D:6

Altars:
Ashenzari
Elyvilon
Fedhas
Gozag
Hepliaklqana
Kikubaaqudgha
Makhleb
Okawaru
Qazlal
Ru
Sif Muna
Trog
Vehumet
Wu Jian
Yredelemnul
Zin

Shops:
D:4 !

Annotations:
D:7 Pikel


Message History

You kill the lemure!
That felt strangely unrewarding.
You hit the ufetubus. You freeze the ufetubus.
You kill the ufetubus!
Okawaru accepts your kill.
You completely miss Pikel. You closely miss the troll.
The troll bites you but does no damage.
The troll claws you but does no damage. x2
Pikel hits you but does no damage.
You closely miss Pikel. You hit the troll. You freeze the troll.
The troll bites you but does no damage. The troll claws you.
The troll closely misses you. Pikel hits you but does no damage.
Pikel hits you with a +2 whip of freezing!
Pikel freezes you. The troll bites you but does no damage.
The troll barely misses you. The troll claws you.
The lemure closely misses you.
You closely miss the troll.
The troll is lightly wounded.
The lemure shouts!
You slash the lemure! You freeze the lemure. You slash Pikel! You freeze Pikel.
The troll bites you. You block the troll's attack.
The troll claws you but does no damage. Pikel hits you but does no damage.
The lemure hits you but does no damage.
You slash the lemure! You freeze the lemure.
You kill the lemure!
That felt strangely unrewarding.
You slash the troll! You freeze the troll. You hit Pikel. You freeze Pikel.
The troll bites you. The troll claws you but does no damage.
The troll claws you. Pikel hits you but does no damage.
You slash Pikel! You freeze Pikel.
Pikel is severely wounded.
You hit the lemure. You freeze the lemure. You hit the troll.
You freeze the troll. The lemure hits you but does no damage.
The troll bites you but does no damage. The troll claws you but does no damage.
The troll claws you! Pikel hits you but does no damage.
You hit Pikel but do no damage.
Pikel is severely wounded.
You barely miss the troll. You hit the lemure. You freeze the lemure.
You hit the lemure. You freeze the lemure.
The lemure hits you but does no damage. x2; The troll bites you.
The troll barely misses you. The troll claws you.
You die...

.................#
**
....#########...##
#.#.# ##.## #.#.# *
#)# , #.... * #.#
#..... ##)##
##..#.# ##...## *
..#.# ##.....## , *
,#....T@K## ,
...?....55.####>..
............'....5.
,
###.........####5).
##.......## ,,
##.....## * ##...##
, * ##+#* , , * *


You could see Pikel, a troll and 2 lemures.

Vanquished Creatures
  A black bear (D:6)
  An ogre (D:5)
  2 lemures (D:7)
  A phantom (D:5)
  Blork the orc (D:5)
  A gnoll sergeant (D:7)
  2 scorpions (D:5)
  An orc priest (D:5)
  3 hounds
  5 iguanas
  A sleepcap (D:6)
  4 orc wizards (D:5)
  3 gnolls (D:7)
  8 adders
  A shadow imp (D:5)
  A white imp (D:5)
  2 ufetubi (D:7)
  2 worms (D:4)
  3 dart slugs
  8 orcs
  5 endoplasms
  5 giant cockroaches
  4 goblins
  4 hobgoblins
  3 quokkas
  3 ball pythons
  4 bats
  3 frilled lizards (D:2)
  13 kobolds
  7 rats
102 creatures vanquished.

Notes
Turn   | Place    | Note
-------+----------+-------------------------------------------
     0 | D:1      | qw the Gargoyle Fighter began the quest for the Orb.
     0 | D:1      | Reached XP level 1. HP: 14/14 MP: 1/1
     0 | D:1      | 0 ||| qw: Version: 0.3-a-7-ge0c9b40
     0 | D:1      | 0 ||| qw: Game counter: 863
     0 | D:1      | 0 ||| qw: Always use a shield: true
     0 | D:1      | 0 ||| qw: God list: Okawaru
     0 | D:1      | 0 ||| qw: Allow faded altars: false
     0 | D:1      | 0 ||| qw: Do Orc after D:15 true
     0 | D:1      | 0 ||| qw: Do second Lair branch before Depths: true
     0 | D:1      | 0 ||| qw: Lair rune preference: random
     0 | D:1      | 0 ||| qw: Plans: Normal, Zot:1-4, Slime:5, God:TSO, Crypt,
                  | Tomb, Abyss, Pan, Hells, Win
     0 | D:1      | 0 ||| PLANNING D:1-11
    43 | D:1      | Reached skill level 2 in Axes
    70 | D:1      | 70 ||| Stepping ~*~*~tactically~*~*~ (stealth).
   101 | D:1      | 101 ||| Stepping ~*~*~tactically~*~*~ (hiding).
   102 | D:1      | 102 ||| Stepping ~*~*~tactically~*~*~ (hiding).
   109 | D:1      | Reached XP level 2. HP: 19/19 MP: 2/2
   387 | D:1      | 387 ||| Stepping ~*~*~tactically~*~*~ (stealth).
   391 | D:1      | 391 ||| DROPPING +0 whip.
   393 | D:1      | 393 ||| Stepping ~*~*~tactically~*~*~ (stealth).
   663 | D:1      | 663 ||| Stepping ~*~*~tactically~*~*~ (stealth).
   664 | D:1      | 664 ||| Stepping ~*~*~tactically~*~*~ (stealth).
   671 | D:1      | 671 ||| Stepping ~*~*~tactically~*~*~ (stealth).
   682 | D:1      | Reached skill level 3 in Axes
   807 | D:1      | Reached XP level 3. HP: 23/23 MP: 3/3
   939 | D:1      | 939 ||| UPGRADING to scarf of resistance.
   944 | D:1      | 944 ||| UPGRADING to +4 ring of slaying {mikee}.
   945 | D:1      | 945 ||| READING scroll labelled LOOXIJERHO.
   946 | D:1      | 946 ||| READING scroll labelled IGIOGOGAET.
   950 | D:1      | 950 ||| DRINKING 2 smoky blue potions.
  1006 | D:2      | Found an opulent altar of Gozag.
  1205 | D:2      | 1205 ||| Stepping ~*~*~tactically~*~*~ (hiding).
  1336 | D:2      | Reached XP level 4. HP: 28/28 MP: 4/4
  1473 | D:2      | 1473 ||| DROPPING orb of wrath.
  1474 | D:2      | 1474 ||| READING scroll labelled UMEPNO COOV.
  1475 | D:2      | 1475 ||| READING scroll labelled ZITABB FIDWY.
  1576 | D:2      | 1576 ||| DRINKING 2 smoky cyan potions.
  1634 | D:3      | Reached skill level 4 in Axes
  1641 | D:3      | 1641 ||| Stepping ~*~*~tactically~*~*~ (stealth).
  1680 | D:3      | 1680 ||| Stepping ~*~*~tactically~*~*~ (hiding).
  1915 | D:3      | 1915 ||| DROPPING +1 whip of electrocution.
  2148 | D:3      | 2148 ||| Stepping ~*~*~tactically~*~*~ (stealth).
  2149 | D:3      | 2149 ||| Stepping ~*~*~tactically~*~*~ (stealth).
  2150 | D:3      | 2150 ||| Stepping ~*~*~tactically~*~*~ (stealth).
  2151 | D:3      | 2151 ||| Stepping ~*~*~tactically~*~*~ (stealth).
  2391 | D:3      | 2391 ||| READING scroll labelled NOCYNIUWI.
  2392 | D:3      | 2392 ||| READING scroll labelled ANWUAT GICOO.
  2393 | D:3      | 2393 ||| DRINKING 2 coppery potions.
  2393 | D:3      | Gained mutation: You sometimes lose your temper in combat.
                  | [potion of mutation]
  2393 | D:3      | Gained mutation: You expend magic power (3 MP) to
                  | strengthen your wands. [potion of mutation]
  2394 | D:3      | 2394 ||| DRINKING potion of mutation.
  2394 | D:3      | Lost mutation: You sometimes lose your temper in combat.
                  | [potion of mutation]
  2394 | D:3      | Lost mutation: You expend magic power (3 MP) to strengthen
                  | your wands. [potion of mutation]
  2394 | D:3      | Gained mutation: You passively map a small area around you.
                  | [potion of mutation]
  2660 | D:4      | Reached XP level 5. HP: 25/32 MP: 5/5
  2689 | D:4      | Found Osifab's Distillery.
  2710 | D:4      | 2710 ||| BUYING potion of curing (36 gold).
  2710 | D:4      | Bought a potion of curing for 36 gold pieces
  2710 | D:4      | 2710 ||| SHOPLISTING potion of experience (600 gold, have
                  | 148).
  2710 | D:4      | 2710 ||| BUYING potion of haste (120 gold).
  2710 | D:4      | Bought a potion of haste for 120 gold pieces
  2710 | D:4      | 2710 ||| SHOPLISTING potion of heal wounds (60 gold, have
                  | 28).
  2710 | D:4      | 2710 ||| SHOPLISTING potion of lignification (36 gold, have
                  | 28).
  2710 | D:4      | 2710 ||| SHOPLISTING potion of magic (96 gold, have 28).
  2965 | D:4      | Found an ornate altar of the Wu Jian Council.
  2994 | D:4      | Reached skill level 5 in Axes
  3400 | D:4      | 3400 ||| READING scroll labelled UGAF OSSICO.
  3450 | D:5      | Entered Level 5 of the Dungeon
  3456 | D:5      | Reached skill level 1 in Dodging
  3456 | D:5      | Reached XP level 6. HP: 38/38 MP: 6/6
  3536 | D:5      | 3536 ||| Stepping ~*~*~tactically~*~*~ (hiding).
  3678 | D:5      | Noticed Blork the orc
  3691 | D:5      | Killed Blork the orc
  3767 | D:5      | Reached skill level 6 in Axes
  3798 | D:5      | Reached XP level 7. HP: 38/43 MP: 7/7
  3902 | D:5      | 3902 ||| Stepping ~*~*~tactically~*~*~ (hiding).
  4157 | D:5      | Reached skill level 7 in Axes
  4620 | D:5      | 4620 ||| READING scroll labelled PEIQEO DAEMN.
  4621 | D:5      | 4621 ||| READING scroll labelled NACEIRHUARPH.
  4677 | D:6      | Found a staircase to the Ecumenical Temple.
  4678 | D:6      | 4678 ||| PLANNING TEMPLE
  4683 | Temple   | Entered the Ecumenical Temple
  4848 | Temple   | 4848 ||| PLANNING OKAWARU WORSHIP
  4904 | Temple   | Became a worshipper of Warmaster Okawaru
  4905 | Temple   | 4905 ||| PLANNING D:1-11
  4945 | D:6      | Reached XP level 8. HP: 40/49 MP: 8/8
  5149 | D:6      | Found a stormy altar of Qazlal.
  5675 | D:6      | 5675 ||| UPGRADING to +0 chain mail.
  5685 | D:6      | 5685 ||| DROPPING +0 scale mail.
  5686 | D:6      | 5686 ||| READING scroll labelled UCLEWKEAQA.
  5687 | D:6      | 5687 ||| DRINKING 2 white potions.
  5837 | D:7      | 5837 ||| Stepping ~*~*~tactically~*~*~ (stealth).
  5854 | D:7      | 5854 ||| FLEEEEING.
  5855 | D:7      | 5855 ||| FLEEEEING.
  5856 | D:7      | 5856 ||| FLEEEEING.
  5860 | D:7      | 5860 ||| FLEEEEING.
  5861 | D:7      | 5861 ||| Stepping ~*~*~tactically~*~*~ (hiding).
  5862 | D:7      | 5862 ||| Stepping ~*~*~tactically~*~*~ (hiding).
  5869 | D:7      | 5869 ||| FLEEEEING.
  5870 | D:7      | 5870 ||| FLEEEEING.
  5871 | D:7      | 5871 ||| FLEEEEING.
  5872 | D:7      | 5872 ||| FLEEEEING.
  5873 | D:7      | 5873 ||| FLEEEEING.
  5874 | D:7      | 5874 ||| FLEEEEING.
  5875 | D:7      | 5875 ||| FLEEEEING.
  5876 | D:7      | 5876 ||| FLEEEEING.
  5884 | D:7      | Reached skill level 8 in Axes
  5988 | D:7      | 5988 ||| Stepping ~*~*~tactically~*~*~ (stealth).
  5989 | D:7      | 5989 ||| DROPPING +0 mace.
  5990 | D:7      | 5990 ||| Stepping ~*~*~tactically~*~*~ (stealth).
  6005 | D:7      | Noticed Pikel
  6006 | D:7      | 6006 ||| Stepping ~*~*~tactically~*~*~ (stealth).
  6007 | D:7      | 6007 ||| Stepping ~*~*~tactically~*~*~ (stealth).
  6007 | D:7      | Noticed a troll
  6018 | D:7      | HP: 11/50 [troll (9)]
  6019 | D:7      | Slain by a troll

Levels and vault maps discovered:
D:1:      minmay_arrival_four_circles, layout_loops_cross, patterned_corridor
D:2:      layout_basic, basic_altar, kennysheep_generic_room_13
D:3:      layout_loops_ring, lexackson_kobold_supper
D:4:      layout_basic, nicolae_wu_jian_immortal_techniques, serial_shops, shop
D:5:      layout_loops_ring, st_stairs_14, roderic_serpentine_path,
          uniq_blork_the_orc
D:6:      layout_gridville, nicolae_overflow_hidden_temple,
          minmay_temple_entry_arrows
D:7:      layout_loops_corners, lemuel_tele_altar, grunt_gozag_statues,
          nicolae_shop_self_help, uniq_crazy_yiuf_cottage, uniq_pikel
Temple:   nicolae_temple_figure_eight

Skill      XL: |  1  2  3  4  5  6  7  8 |
---------------+-------------------------+-----
Axes           | 2 3 4 5 6 7 8 |  8.0
Fighting       | 4 5 |  5.4
Dodging        | 1 |  1.0
Armour         | |  3.2
Shields        | |  3.2

Action                     |  1- 3 |  4- 6 |  7- 9 || total
---------------------------+-------+-------+-------++-------
  Melee: War axe           |    95 |   169 |    96 ||   360
    Use: Scroll            |     2 |     5 |     3 ||    10
         Potion            |     1 |     3 |     1 ||     5
 Armour: Scale mail        |    47 |    50 |    29 ||   126
         Chain mail        |       |       |    37 ||    37
  Dodge: Dodged            |    36 |    41 |    38 ||   115
  Block: Buckler           |    22 |    21 |    19 ||    62

Table legend:
 A = Non-vault XP
 B = Vault XP
 C = Vault XP percentage of total XP
 D = Non-vault monster count
 E = Vault monster count
 F = Vault count percentage of total count
                 A         B        C        D         E       F
            +---------+---------+-------+---------+---------+-------
      Total |    1398 |     147 |   9.5 |      89 |      11 |  11.0
            +---------+---------+-------+---------+---------+-------
        D:1 |      34 |       0 |   0.0 |      21 |       0 |   0.0
        D:2 |      47 |       2 |   4.1 |      12 |       1 |   7.7
        D:3 |      42 |      12 |  22.2 |      14 |       8 |  36.4
        D:4 |     165 |       0 |   0.0 |      10 |       0 |   0.0
        D:5 |     699 |     133 |  16.0 |      20 |       2 |   9.1
        D:6 |     268 |       0 |   0.0 |       6 |       0 |   0.0
        D:7 |     143 |       0 |   0.0 |       6 |       0 |   0.0
            +---------+---------+-------+---------+---------+-------
